Map: Amphion LE

Players

WeAreLegion

  • Race: Terran Terran
  • League: Silver
  • Spawn Location: 7:00

A.I. 1 (Elite) - Winner!

  • Race: Terran Terran
  • Spawn Location: 11:00

VOD

Have the link to the VOD?

Description

Time

  • Played on: Dec. 2, 2024, 9:21 p.m.
  • Length: 10:15
Show
View Real Time Build Order
Export as new Build Order

WeAreLegion Terran 

Build Orders: Reaper Expand 

Get SALT Encoding   

  12  0:00  SCV  
  13  0:12  SCV  
  14  0:18  Supply Depot  
  14  0:24  SCV  
  15  0:40  SCV  
  15  0:41  Barracks  
  16  0:47  Barracks  
  16  0:50  Refinery  
  16  0:55  SCV  
  17  1:07  SCV  
  18  1:21  SCV  
  19  1:37  Orbital Command  
  19  1:38  Reaper  
  20  1:53  Command Center  
  20  2:05  SCV  
  21  2:10  Marine  
  22  2:17  SCV  
  22  2:20  Factory  
  23  2:28  Refinery  
  23  2:36  Supply Depot  
  23  2:57  SCV, Marine  
  25  3:08  Starport  
  25  3:09  SCV  
  25  3:11  Orbital Command  
  26  3:18  Barracks Reactor  
  26  3:22  SCV  
  26  3:23  Factory Tech Lab  
  27  3:34  SCV  
  28  3:39  SCV  
  29  3:46  SCV  
  30  3:51  SCV  
  30  3:52  Siege Tank, Medivac  
  36  3:56  Marine x2  
  36  3:58  SCV  
  39  4:03  SCV  
  39  4:04  Supply Depot  
  40  4:10  SCV  
  40  4:14  Marine x2  
  40  4:15  SCV  
  44  4:22  SCV  
  45  4:25  Widow Mine  
  45  4:27  Barracks  
  45  4:28  Barracks  
  47  4:32  Marine x2  
  47  4:33  Supply Depot  
  47  4:37  Supply Depot, SCV x2  
  51  4:47  Starport Tech Lab, Widow Mine  
  51  4:49  SCV  
  54  4:54  Marine x2  
  54  4:56  SCV  
  57  5:01  SCV  
  58  5:08  SCV  
  58  5:12  Marine x2  
  58  5:13  SCV  
  62  5:14  Engineering Bay  
  62  5:20  SCV  
  63  5:25  SCV, Marine x2  
  63  5:27  Siege Tank  
  69  5:29  Refinery  
  69  5:30  Marine  
  69  5:31  Refinery  
  69  5:34  Interference Matrix  
  70  5:39  Supply Depot  
  70  5:40  Supply Depot  
  70  5:47  Marine  
  70  5:48  Raven, SCV x2, Marine  
  76  5:52  Barracks Tech Lab  
  76  5:53  Barracks Tech Lab  
  76  6:00  SCV x2  
  76  6:01  Command Center  
  78  6:05  Marine  
  78  6:06  Marine  
  80  6:12  Siege Tank  
  83  6:27  Raven, Stimpack  
  83  6:32  Combat Shield  
  85  6:34  Marine x4  
  89  6:52  Marauder  
  91  7:00  Marine x3  
  94  7:13  Siege Tank, Marine  
  98  7:15  Barracks  
  98  7:18  Starport Reactor  
  98  7:19  Marauder  
  98  7:22  Barracks  
  100  7:32  Marauder  
  100  7:33  SCV  
  100  7:34  SCV  
  104  7:40  Marauder  
  104  7:42  Marine x2  
  108  7:46  SCV  
  109  8:00  Supply Depot  
  109  8:03  Supply Depot  
  109  8:07  SCV x2, Marine x3, Marauder  
  116  8:17  Siege Tank  
  116  8:18  Medivac  
  117  8:21  SCV, Medivac  
  117  8:22  SCV  
  117  8:24  Supply Depot, Marine x2  
  117  8:25  Marauder  
  117  8:26  Supply Depot  
  125  8:29  Marauder  
  127  8:40  Barracks Tech Lab  
  125  8:42  Marine x2  
  125  8:44  Armory  
  125  8:46  Marauder  
  125  8:48  Engineering Bay, Medivac  
  128  8:50  Marauder  
  132  9:00  Marine x2  
  134  9:08  Marauder  
  136  9:11  Marauder  
  138  9:18  Marine x2  
  140  9:29  Marine  
  141  9:32  Marine  
  141  9:46  Marine  
  141  9:50  Marine  
Show
View Real Time Build Order
Export as new Build Order

A.I. 1 (Elite) Terran - Winner!

Build Orders: 2 Factory, Mech 

Get SALT Encoding   

  12  0:00  SCV  
  13  0:13  SCV  
  14  0:20  Supply Depot  
  14  0:25  SCV  
  15  0:41  SCV  
  16  0:44  Barracks  
  16  0:53  SCV  
  17  1:06  SCV  
  18  1:18  Supply Depot, SCV  
  19  1:21  Refinery  
  19  1:30  SCV  
  19  1:31  Marine  
  21  1:42  SCV  
  22  1:49  Marine  
  22  1:50  Refinery  
  23  1:54  SCV  
  24  2:06  SCV  
  24  2:07  Marine  
  26  2:18  SCV  
  26  2:19  Factory  
  27  2:25  Marine  
  28  2:30  SCV  
  29  2:38  Factory  
  29  2:42  SCV  
  29  2:43  Marine  
  31  2:45  Supply Depot  
  31  2:55  Orbital Command  
  31  3:05  Factory Tech Lab  
  31  3:06  Marine  
  32  3:20  SCV  
  32  3:22  Command Center, Factory Tech Lab  
  32  3:24  Marine  
  34  3:32  SCV  
  35  3:44  SCV  
  36  3:56  SCV  
  37  4:06  Supply Depot  
  37  4:08  SCV  
  38  4:13  Barracks  
  38  4:20  SCV  
  39  4:27  Siege Tank  
  39  4:28  Siege Tank  
  45  4:33  SCV  
  45  4:34  SCV  
  47  4:40  Supply Depot, Marine  
  47  4:45  SCV  
  49  4:46  SCV  
  49  4:51  Supply Depot  
  50  4:57  SCV  
  50  4:58  SCV  
  50  4:59  Siege Tank  
  55  5:00  Siege Tank  
  58  5:09  SCV  
  58  5:10  SCV  
  60  5:16  Barracks Tech Lab  
  60  5:17  Factory  
  60  5:24  Command Center  
  60  5:32  Siege Tank, Hellion  
  65  5:46  Armory  
  65  5:53  Hellion  
  67  6:03  Armory  
  67  6:05  Hellion  
  67  6:06  Hellion  
  67  6:09  Supply Depot  
  71  6:15  Hellion  
  73  6:26  Hellion  
  75  6:34  Terran Vehicle Weapons Level 1  
  75  6:36  SCV x2, Siege Tank  
  80  6:47  Refinery  
  80  6:50  Terran Vehicle And Ship Armor Level 1  
  80  6:52  Refinery  
  80  6:54  Infernal Pre-Igniter  
  80  6:59  Orbital Command  
  80  7:06  Engineering Bay  
  80  7:09  SCV x2  
  82  7:18  Thor  
  82  7:21  SCV  
  89  7:23  SCV  
  89  7:24  SCV  
  89  7:25  Supply Depot  
  91  7:30  Command Center  
  91  7:33  SCV  
  91  7:36  Missile Turret  
  92  7:39  Missile Turret  
  92  7:49  Thor  
  98  7:55  Supply Depot  
  98  7:56  Factory Tech Lab  
  98  8:02  Siege Tank  
  100  8:15  Siege Tank  
  102  8:27  Supply Depot  
  102  8:33  Widow Mine  
  104  8:34  Thor  
  110  8:42  Orbital Command, SCV  
  110  8:44  SCV  
  110  8:46  SCV  
  113  8:54  SCV  
  114  8:56  SCV, Missile Turret  
  114  8:58  SCV  
  116  9:03  Missile Turret  
  116  9:06  SCV  
  116  9:08  SCV  
  116  9:09  SCV  
  118  9:10  SCV  
  119  9:19  SCV  
  119  9:20  SCV  
  119  9:21  SCV  
  119  9:22  SCV  
  123  9:26  Supply Depot  
  123  9:31  SCV, Thor  
  129  9:32  SCV  
  129  9:34  SCV  
  129  9:35  SCV, Widow Mine  
  134  9:41  Missile Turret  
  134  9:43  SCV  
  135  9:47  Starport  
  135  9:48  SCV  
  135  9:51  Marine  
  135  9:52  Supply Depot, Marine  
  133  10:02  Missile Turret  
Tags
 
Composition
Mech
League
Silver
Matchup
TvT
Race
Terran
Replay Pack
December
Spawn Locations
Close Positions
Add a new tag
Caveats
  • Supply blocks, unpowered buildings, or Contaminate may cause inaccurate times.
  • Supply counts are checked every 10 seconds.